 Dungeon Crawl Stone Soup version 0.28.0-45-g0d030f2227 (webtiles) character file.

Game seed: 11444464724194639810

32 hawla the Conjurer (level 3, -1/26 HPs)
             Began as a Draconian Conjurer on Apr 19, 2022.
             Slain by an orc
             ... wielding a +0 hand axe
              (4 damage)
             ... on level 3 of the Dungeon.
             The game lasted 00:03:04 (1722 turns).

hawla the Conjurer (Draconian Conjurer)             Turns: 1722, Time: 00:03:04

Health: -1/26      AC:  5    Str:  9    XL:     3   Next: 10%
Magic:  1/6        EV: 12    Int: 20    God:
Gold:   96         SH:  0    Dex:  9    Spells: 4/7 levels left

rFire   . . .      SeeInvis .   (no weapon)
rCold   . . .      Faith    .   (no shield)
rNeg    . . .      Spirit   .   (armour unavailable)
rPois   .          Reflect  .   (helmet restricted)
rElec   .          Harm     .   (no cloak)
rCorr   .          Rampage  .   (no gloves)
Will    .....                   (no boots)
Stlth   ++........              (no amulet)
HPRegen 0.08/turn               (no ring)
MPRegen 0.10/turn               (no ring)

@: flying
A: AC +5, unfitting armour, cold-blooded
a: no special abilities


You were on level 3 of the Dungeon.
You visited 1 branch of the dungeon, and saw 3 of its levels.

You collected 96 gold pieces.

Inventory:

Scrolls
 a - a scroll of amnesia


   Skills:
 + Level 1.9 Dodging
 + Level 1.9 Stealth
 + Level 2.5 Spellcasting
 + Level 4.6 Conjurations


You had 4 spell levels left.
You knew the following spells:

 Your Spells              Type           Power      Damage    Failure   Level
a - Magic Dart            Conj           80%        1d7       2%          1
b - Searing Ray           Conj           40%        2d5       3%          2

Your spell library contained the following spells:

 Spells                   Type           Power      Damage    Failure   Level
 Dazzling Flash           Conj/Hex       22%        N/A       17%         3
 Fulminant Prism          Conj/Hex       5%         3d7       50%         4
 Iskenderun's Mystic Bla  Conj/Tloc      11%        2d4       50%         4


Dungeon Overview and Level Annotations

Branches:
Dungeon (3/15)

Altars:


Innate Abilities, Weirdness & Mutations

Your plain brown scales are hard. (AC +5)
You cannot fit into any form of body armour.
You are cold-blooded and may be slowed by cold attacks.


Message History

Really abort (and waste the scroll)?
Okay, then.
Casting: Magic Dart (safe; 2% risk of failure)
Confirm with . or Enter, or press ? or * to list all spells.
Aiming: Magic Dart (safe; 2% risk of failure)
Press: ? - help, Shift-Dir - straight line, f - orc
Aim: an orc, wielding a +0 hand axe and wearing a +0 leather armour (100% to hit)
The magic dart hits the orc.
The orc is heavily wounded.
It was a potion of flight.
You feel very buoyant.
You fly up into the air.
You barely miss the orc.
The orc is heavily wounded.
The orc hits you but does no damage.
You hit the orc.
The orc is heavily wounded.
The orc hits you with a +0 hand axe.
* * * LOW HITPOINT WARNING * * *
The orc barely misses you.
Casting: Magic Dart (safe; 2% risk of failure)
Confirm with . or Enter, or press ? or * to list all spells.
Aiming: Magic Dart (safe; 2% risk of failure)
Press: ? - help, Shift-Dir - straight line, f/p - orc
Aim: an orc, wielding a +0 hand axe and wearing a +0 leather armour (heavily wounded, 100% to hit)
The magic dart hits the orc.
The orc is severely wounded.
The orc closely misses you. The orc barely misses you.
A ball python comes into view. 2 orc priests come into view.
The orc priest shouts!
An orc comes into view. It is wielding a +0 dagger.
An adder comes into view.
The orc priest mumbles some strange prayers to Beogh against you.
Pain shoots through your body!
* * * LOW HITPOINT WARNING * * *
An orc wizard comes into view. It is wielding a +0 dagger.
The orc hits you with a +0 hand axe.
You die...

... ###########....
#...............
#............... #
#......<....)... ##.
#............... #8..
#.............?.
#...##...............
#...........@......#
#...........o.....##
#####.............#
#.#####.......... #.
#..o.o..#### ..
#.......... ...
.....o.....#.
#.#.............# #
#.....#.........#


You could see 2 orc priests, an orc wizard and an orc.

Vanquished Creatures
  An adder (D:2)
  5 bats
  3 endoplasms
  A giant cockroach (D:1)
  A hobgoblin (D:1)
  2 quokkas
  A ball python (D:1)
  3 frilled lizards
  A goblin (D:1)
  3 kobolds
  4 rats
25 creatures vanquished.

Notes
Turn   | Place    | Note
-------+----------+-------------------------------------------
     0 | D:1      | hawla the Draconian Conjurer began the quest for the Orb.
     0 | D:1      | Reached XP level 1. HP: 14/14 MP: 3/3
   562 | D:1      | Reached XP level 2. HP: 20/20 MP: 3/5
   565 | D:1      | Learned a level 2 spell: Searing Ray
   888 | D:1      | Found a faded altar of an unknown god.
  1546 | D:2      | Reached XP level 3. HP: 26/26 MP: 2/6
  1722 | D:3      | Slain by an orc

Illustrated notes

Levels and vault maps discovered:
D:1:      onia_arrival_pyramid, layout_loops_corners,
          shapermc_ecumenical_altar_totnotflames
D:2:      layout_rooms, basic_altar, grunt_ministairs_9, uniq_jessica
D:3:      layout_rooms, mainiacjoe_overflow_alcove_4, serial_corexii_hall,
          chequers_hall_statues_wall_a, corexii_hall_statues_l,
          kennysheep_doodads

Action                   || total
-------------------------++-------
Melee: Unarmed           ||    39
       Tailslap          ||     5
       Punch             ||     2
 Cast: Magic Dart        ||    44
       Searing Ray       ||     4
  Use: Scroll            ||     1
       Potion            ||     1
Armor: Skin              ||    19
Dodge: Dodged            ||    37
